Map: Kairos Junction LE

Players

Lambo - Winner!

  • Race: Zerg Zerg
  • League: Master
  • Spawn Location: 11:00

soul

  • Race: Terran Terran
  • League: Master
  • Spawn Location: 5:00

VOD

Have the link to the VOD?

Description

Time

  • Played on: Dec. 8, 2018, 10:45 a.m.
  • Length: 9:26
Show
View Real Time Build Order
Export as new Build Order

Lambo Zerg - Winner!

Build Orders: Hatch First 

Get SALT Encoding   

  12  0:01  Drone  
  13  0:12  Overlord  
  13  0:17  Drone  
  14  0:31  Drone x2  
  16  0:48  Hatchery  
  15  0:51  Drone  
  15  0:55  Drone  
  17  0:58  Drone  
  18  1:09  Extractor  
  17  1:14  Spawning Pool  
  17  1:17  Drone  
  17  1:20  Drone  
  18  1:28  Drone  
  19  1:39  Drone  
  20  1:52  Overlord  
  20  2:00  Queen x2  
  24  2:03  Zergling x4  
  26  2:09  Metabolic Boost  
  26  2:11  Drone  
  26  2:14  Drone  
  28  2:23  Drone  
  29  2:32  Hatchery  
  29  2:35  Drone  
  29  2:44  Drone, Queen  
  29  2:49  Drone x2  
  34  2:54  Drone  
  34  2:56  Overlord  
  35  3:02  Drone  
  36  3:14  Overlord  
  36  3:16  Drone x4  
  36  3:17  Drone  
  41  3:21  Queen  
  41  3:26  Drone  
  44  3:39  Queen  
  46  3:43  Drone x2  
  46  3:45  Queen  
  46  3:48  Zergling x12  
  56  3:53  Overlord  
  56  3:55  Baneling Nest  
  55  4:04  Overlord  
  55  4:08  Overlord  
  54  4:11  Queen  
  56  4:21  Zergling x2  
  56  4:23  Overlord, Queen  
  59  4:25  Drone x3  
  62  4:34  Queen  
  62  4:37  Drone x3  
  63  4:40  Baneling x5  
  63  4:41  Baneling  
  63  4:43  Drone  
  64  4:46  Queen  
  64  4:47  Drone x2  
  64  4:48  Drone  
  64  4:49  Drone  
  70  4:57  Baneling x3  
  70  4:58  Baneling  
  67  5:01  Zergling x10  
  69  5:07  Zergling x8  
  69  5:14  Zergling x6  
  70  5:21  Drone x5  
  71  5:24  Queen  
  71  5:25  Drone  
  74  5:35  Lair, Drone x3, Extractor  
  75  5:43  Drone x2  
  75  5:47  Drone  
  73  5:53  Drone x3  
  73  5:54  Drone x2  
  73  5:55  Zergling x2  
  73  5:56  Drone x2, Zergling x4  
  80  5:58  Drone  
  80  6:02  Extractor  
  80  6:08  Overlord, Hatchery  
  80  6:09  Overlord  
  79  6:14  Drone  
  79  6:17  Evolution Chamber  
  79  6:18  Drone x2  
  81  6:19  Extractor  
  81  6:20  Evolution Chamber, Extractor x2  
  81  6:23  Overlord  
  74  6:26  Drone x2  
  74  6:28  Overlord  
  74  6:29  Drone x2  
  77  6:34  Centrifical Hooks  
  77  6:35  Overseer  
  77  6:36  Hydralisk Den  
  77  6:38  Drone x6  
  82  6:47  Drone x2  
  84  6:56  Zerg Melee Weapons Level 1  
  84  6:59  Overlord  
  84  7:00  Zergling x18  
  93  7:03  Zerg Missile Weapons Level 1  
  93  7:06  Zergling x2  
  94  7:11  Muscular Augments  
  94  7:21  Hydralisk x6  
  106  7:24  Overlord x2  
  106  7:25  Overlord  
  106  7:27  Overlord  
  106  7:28  Overlord  
  106  7:31  Hydralisk x3  
  106  7:35  Hydralisk  
  114  7:42  Hydralisk x3  
  120  7:46  Drone  
  120  7:48  Hydralisk x2, Drone  
  126  7:52  Zergling x14  
  126  7:54  Baneling x3  
  126  7:56  Zergling x8  
  135  7:59  Baneling x3  
  135  8:01  Zergling x4  
  133  8:08  Zergling x8  
  129  8:14  Hydralisk x2  
  129  8:18  Zergling x12  
  139  8:20  Zergling x2  
  139  8:22  Baneling x11  
  139  8:23  Baneling  
  138  8:28  Zergling x6  
  138  8:30  Zergling x4  
  137  8:37  Zergling x8  
  137  8:40  Zergling x2  
  131  8:44  Hydralisk x3  
  131  8:45  Zergling x8  
  139  8:49  Hydralisk x2  
  139  8:52  Hydralisk  
  139  8:53  Zergling x2  
  140  8:56  Overseer  
  140  8:58  Hydralisk  
  140  9:00  Hydralisk x2  
  140  9:01  Zergling x2  
  131  9:24  Spore Crawler  
Show
View Real Time Build Order
Export as new Build Order

soul Terran 

Build Orders: Gas First Reaper Expand 

Get SALT Encoding   

  12  0:00  SCV  
  13  0:13  SCV  
  14  0:19  Supply Depot  
  14  0:25  SCV  
  15  0:28  Refinery  
  15  0:40  SCV  
  16  0:44  Barracks  
  16  0:53  SCV  
  17  1:05  SCV  
  18  1:17  SCV  
  19  1:32  Reaper, Orbital Command  
  20  1:43  Command Center  
  20  1:53  Factory  
  20  1:58  SCV  
  21  2:03  Refinery  
  21  2:07  Barracks Reactor  
  21  2:10  SCV  
  22  2:15  Supply Depot  
  22  2:22  SCV  
  23  2:37  SCV  
  23  2:38  Starport  
  23  2:43  Marine  
  25  2:44  Marine  
  25  2:49  Hellion, SCV  
  29  2:59  Orbital Command  
  29  3:01  SCV  
  29  3:03  Marine  
  29  3:04  Marine  
  32  3:13  SCV  
  32  3:17  Medivac  
  35  3:25  SCV  
  35  3:27  Hellion x2, SCV  
  40  3:28  Marine  
  42  3:35  Supply Depot  
  42  3:40  Armory  
  42  3:48  Hellion x2  
  46  3:56  Medivac, SCV x2  
  50  4:04  Supply Depot  
  50  4:06  Barracks Tech Lab  
  50  4:08  SCV  
  50  4:09  SCV  
  52  4:18  Hellion  
  54  4:26  Hellion, SCV x2  
  54  4:28  Supply Depot  
  58  4:33  Liberator  
  58  4:38  SCV x2  
  60  4:42  Command Center  
  60  4:50  SCV x2  
  65  4:56  Supply Depot  
  65  5:01  Hellion x2  
  65  5:02  SCV  
  65  5:05  SCV  
  58  5:14  SCV  
  58  5:17  Marine, SCV  
  52  5:26  SCV  
  51  5:28  Terran Vehicle And Ship Armor Level 1  
  51  5:29  Factory, SCV  
  51  5:30  Refinery, Factory  
  51  5:32  Refinery  
  51  5:34  Hellion x2  
  56  5:39  SCV  
  56  5:41  SCV  
  56  5:55  Hellion, Starport Tech Lab  
  56  5:56  SCV x2, Orbital Command  
  59  6:08  SCV x2  
  61  6:14  Banshee  
  61  6:15  Cloaking Field  
  61  6:16  Factory Tech Lab  
  64  6:20  SCV x2  
  64  6:22  Hellion x2  
  70  6:30  Orbital Command  
  70  6:32  SCV x2  
  72  6:34  Supply Depot  
  72  6:35  Cyclone, Mag-Field Accelerator  
  72  6:36  Cyclone, Supply Depot  
  72  6:37  Infernal Pre-Igniter  
  78  6:44  SCV  
  78  6:45  SCV  
  78  6:46  Refinery  
  80  6:48  Refinery  
  80  6:53  Hellion x2  
  84  6:56  SCV  
  84  6:57  SCV  
  86  7:09  SCV x2  
  86  7:14  Factory x2  
  86  7:15  Cyclone x2  
  94  7:21  SCV x2  
  96  7:26  Supply Depot  
  96  7:30  Hellion  
  96  7:33  SCV x2  
  102  7:39  Supply Depot  
  102  7:42  Banshee  
  103  7:44  Armory  
  103  7:45  SCV x2  
  103  7:47  SCV  
  103  7:50  Supply Depot  
  106  7:57  SCV x2  
  108  7:59  Factory Reactor, Factory Tech Lab  
  108  8:00  Hellion, SCV  
  109  8:09  SCV x2  
  109  8:11  Cyclone x2  
  109  8:12  SCV  
  116  8:18  Supply Depot  
  116  8:22  SCV  
  117  8:28  Cyclone, Hellion  
  117  8:31  Command Center  
  110  8:41  Hellion x3  
  110  8:43  Cyclone, Hellion, SCV  
  110  8:45  Supply Depot  
  116  8:49  Hellion  
  106  9:00  Hellion  
  106  9:02  Hellion x2  
  97  9:03  Hellion  
  95  9:12  SCV x3  
Tags
 
Add a new tag
Caveats
  • Supply blocks, unpowered buildings, or Contaminate may cause inaccurate times.
  • Supply counts are checked every 10 seconds.